 Dungeon Crawl Stone Soup version 0.30-a0-439-g9e77e4d916 (webtiles) character file.

Game seed: 10055747443947638523

3199 Jackthecabe the Vexing (level 9, 0/68 HPs)
             Began as a Demigod Conjurer on Dec 10, 2022.
             Slain by an orc warlord
             ... wielding a +6 broad axe
              (21 damage)
             ... in a bailey.
             The game lasted 00:26:05 (9554 turns).

Jackthecabe the Vexing (Demigod Conjurer)           Turns: 9554, Time: 00:26:06

Health: 0/68       AC:  5    Str:  8    XL:     9   Next: 38%
Magic:  6/19       EV: 12    Int: 32    God:
Gold:   175        SH:  5    Dex: 12    Spells: 0/17 levels left

rFire   . . .      SeeInvis .    c - +1 dagger (venom)
rCold   . . .      Faith    .    (no shield)
rNeg    . . .      Spirit   .    F - +2 robe {Archmagi}
rPois   .          Reflect  +    (no helmet)
rElec   .          Harm     .    d - +0 cloak
rCorr   .          Rampage  .    (no gloves)
Will    +....      Archmagi +    (no boots)
Stlth   ++........               h - amulet of reflection
HPRegen 0.31/turn                x - ring of willpower
MPRegen 0.16/turn                Z - ring of wizardry

@: forested
A: high MP 1, forlorn, divine attributes
a: no special abilities


You were in a bailey.
You visited 1 branch of the dungeon, and saw 10 of its levels.
You also visited: Bailey.

You collected 340 gold pieces.
You spent 165 gold pieces at shops.


Innate Abilities, Weirdness & Mutations

You have an increased reservoir of magic. (+10% MP)
You shall have no god before yourself.
Your divine heritage dramatically boosts your attributes as you level up.


   Skills:
 + Level 2.5 Fighting
 - Level 1.7 Dodging
 - Level 1.7 Stealth
 - Level 4.5 Spellcasting
 - Level 6.0 Conjurations
 - Level 7.0 Hexes
 - Level 7.0 Summonings
 + Level 1.5 Translocations


You couldn't memorise any spells.
You knew the following spells:

 Your Spells              Type           Power      Damage    Failure   Level
f - Fulminant Prism       Conj/Hex       32%        3d15      1%          4
m - Magic Dart            Conj           100%       1d8       1%          1
s - Searing Ray           Conj           100%       2d8       1%          2
v - Summon Mana Viper     Hex/Summ       67%        N/A       3%          5
S - Summon Forest         Summ/Tloc      25%        N/A       11%         5

Your spell library contained the following spells:

 Spells                   Type           Power      Damage    Failure   Level
 Static Discharge         Conj/Air       78%        2-6/arc   1%          2
 Dazzling Flash           Conj/Hex       100%       N/A       1%          3
 Portal Projectile        Hex/Tloc       100%       N/A       1%          3
 Summon Guardian Golem    Hex/Summ       67%        N/A       1%          3
 Tukima's Dance           Hex            67%        N/A       1%          3
 Vhi's Electric Charge    Tloc/Air       36%        N/A       4%          3
 Iskenderun's Mystic Bla  Conj/Tloc      47%        2d10      4%          4
 Leda's Liquefaction      Hex/Erth       22%        N/A       5%          4
 Arcjolt                  Conj/Air       19%        1d29      17%         5
 Lightning Bolt           Conj/Air       19%        1d34      17%         5
 Summon Cactus Giant      Summ           33%        N/A       19%         6
 Blade Hands              Tmut           5%         N/A       50%         5
 Lee's Rapid Deconstruct  Erth           5%         3d6*      50%         5
 Spellforged Servitor     Conj/Summ      32%        N/A       75%         7
 Orb of Destruction       Conj           31%        9d10      80%         7
 Statue Form              Tmut/Erth      6%         N/A       96%         6

Inventory:

Hand Weapons
 c - a +1 dagger of venom (weapon)
   (You took it off a goblin on level 1 of the Dungeon)
 u - a +2 dagger of draining
   (You found it on level 3 of the Dungeon)
Missiles
 H - 4 poisoned darts
 I - 2 javelins
 J - 4 boomerangs of dispersal {=f!f}
Armour
 d - a +0 cloak (worn)
   (You found it on level 1 of the Dungeon)
 C - a +3 leather armour of willpower
   (You took it off Ijyb on level 4 of the Dungeon)
 F - a +2 robe of the Archmagi (worn)
   (You took it off Blork the orc on level 5 of the Dungeon)
Jewellery
 h - an amulet of reflection (around neck)
   (You found it on level 1 of the Dungeon)
 x - a ring of willpower (left hand)
   (You found it on level 3 of the Dungeon)
 P - a ring of poison resistance
   (You found it on level 6 of the Dungeon)
 R - a ring of resist corrosion
   (You found it on level 5 of the Dungeon)
 Z - a ring of wizardry (right hand)
   (You found it on level 5 of the Dungeon)
Wands
 B - a wand of quicksilver (7)
   (You found it on level 4 of the Dungeon)
Scrolls
 f - 3 scrolls of fear {unknown}
 g - 3 scrolls of butterflies {unknown}
 j - a scroll of brand weapon
 l - a scroll of amnesia
 n - a scroll of silence {!r}
 o - 5 scrolls of teleportation {@r4}
 t - 3 scrolls of poison {!r}
 y - 3 scrolls of vulnerability {!r!r}
 z - a scroll of torment {unknown}
 E - a scroll of enchant weapon {unknown}
 G - 3 scrolls of immolation {!r!r}
Potions
 b - 3 potions of magic
 e - 2 potions of brilliance {unknown}
 i - a potion of cancellation
 k - 5 potions of curing {unknown}
 m - 2 potions of resistance {unknown}
 p - 2 potions of degeneration {unknown}
 q - 3 potions of heal wounds {unknown}
 v - 2 potions of might
 w - a potion of mutation {!q}
 A - a potion of lignification {unknown}
 D - a potion of attraction {unknown}

Dungeon Overview and Level Annotations

Branches:
Dungeon (10/15) Zot: 26816  Temple (0/1) D:6             Orc (0/2) D:10
 Bailey (1/1) Zot: 5423
   Lair: D:8-11

Shops:
D:3 ?

Annotations:
D:2 1 runed translucent door, Crazy Yiuf

###### ##!.∩?!##
#!!....!# #♣.......#
#.........
##....♣*...
#######§..../....
##.....##.♣Sw...g.
#.......[@o.g.....
##......[♣#R).....#
#.........#..o....#
##.....[...♣#88)88♣#
#.....⌠.....##♣o♣##
##.........## ))#
#..♣.[....# ...
##.......## ...
#.......#


You could see an orc warlord (distracted, ally target), 2 orc warriors, a gnoll
(distracted), a hobgoblin (ally target), a friendly dryad (summoned), a friendly
mana viper (summoned) and a friendly snaplasher vine.


Message History

The hobgoblin dies!
Your Fighting skill increases to level 2!
An orc comes into view. It is wielding a +0 war axe.
Unknown command.
The orc shouts!
You feel roots moving beneath the ground.
A root smacks the orc warlord from below!
A root lunges up near the orc warrior.
A root smacks the orc from below!
The orc dies!
Your mana viper bites the gnoll!
Your dryad hits the gnoll but does no damage.
You completely miss the gnoll.
You feel roots moving beneath the ground.
A root smacks the orc warlord from below!
A tree reaches out and hits the gnoll!
The gnoll dies!
A tree reaches out but misses the gnoll.
A root smacks the orc warrior from below!
A root smacks the orc from below!
The orc dies!
Your dryad calls out to the forest.
Vines fly forth from the trees!
A hobgoblin comes into view. It is wielding a +0 hand axe.
Your Translocations skill increases to level 1!
Okay, then.
An orc warrior comes into view. It is wielding a +0 war axe.
A root smacks the gnoll from below!
The orc is hit by a branch!
The orc dies!
Your mana viper bites the orc warlord but does no damage.
Your snaplasher vine grabs something.
Your snaplasher vine hits something.
Your snaplasher vine constricts something.
Your dryad hits the orc warlord. Something hits your snaplasher vine!
The gnoll hits your mana viper with a +0 hand axe.
The orc warrior moves out of view.
Items here: )) [[ †. 😎 MP[+1] Unknown command.
The orc warlord attacks as you move away!
The orc warlord hits you with a +6 broad axe!!
The orc warlord hits your dryad with a +6 broad axe!
A tree reaches out and hits the gnoll!
The gnoll dies!
A root smacks the orc warrior from below!
The vine drags something backwards!
Your snaplasher vine hits the orc!
The orc dies!
Your dryad calls out to the forest.
Vines fly forth from the trees!
The orc warrior hits your snaplasher vine with a +0 war axe!!
Your snaplasher vine is destroyed!
The orc warrior shouts! 😮 HP[-27]
You take 27 damage, and now have 40/67 hp.
MASSIVE DAMAGE!! (PAUSE)
Aiming: Quicksilver Bolt
Press: ? - help, Shift-Dir - straight line, f - orc warlord
Aim: an orc warlord, wielding a +6 broad axe and wearing a +0 crystal plate armour (moderately wounded, ally target, 83% to hit)
Okay, then.
Okay, then.
Okay, then.
Okay, then.
Okay, then.
Okay, then.
Casting: Summon Forest (dangerous; 12% risk of failure)
Confirm with . or Enter, or press ? or * to list all spells.
Okay, then.
As you read the scroll of teleportation {@r4}, it crumbles to dust.
You feel strangely unstable.
A tree reaches out and hits the orc warlord!
A tree reaches out and hits the orc warrior!
The orc warrior dies!
A root smacks the orc warrior from below!
Your mana viper bites the orc warlord!!
The orc warlord closely misses your mana viper.
The orc warlord hits you with a +6 broad axe!!
* * * LOW HITPOINT WARNING * * *
😨 HP[-19]
You now have 68 max hp (+1).
You take 19 damage, and now have 21/68 hp.
MASSIVE DAMAGE!! (PAUSE)
A tree reaches out and hits the orc warlord!
The orc warrior is hit by a branch!
A root smacks the orc warrior from below!
The orc warlord hits your mana viper with a +6 broad axe!
The orc warlord hits your dryad with a +6 broad axe!
A gnoll comes into view. It is wielding a +0 hand axe.
Your dryad hits the orc warlord but does no damage.
Unknown command.
Your surroundings seem slightly different.
A tree reaches out and hits the orc warlord!
A root lunges up near the orc warrior.
A tree reaches out and hits the orc warrior!
Your snaplasher vine falls limply to the ground.
Your mana viper closely misses the orc warlord.
Your snaplasher vine grabs the hobgoblin.
Your snaplasher vine hits the hobgoblin.
Your snaplasher vine constricts the hobgoblin.
Your mana viper bites the orc warlord.
The orc warlord hits your mana viper with a +6 broad axe!!
The orc warlord hits you with a +6 broad axe!!
You die...

Skill      XL: |  1  2  3  4  5  6  7  8  9 |
---------------+----------------------------+-----
Spellcasting   | 2 3 4 |  4.5
Conjurations   | 4 5 6 |  6.0
Hexes          | 3 5 6 7 |  7.0
Summonings     | 3 6 7 |  7.0
Fighting       | 2 |  2.5
Translocations | 1 |  1.5
Dodging        | |  1.7
Stealth        | |  1.7

Action                   |  1- 3 |  4- 6 |  7- 9 || total
-------------------------+-------+-------+-------++-------
Melee: Dagger            |    38 |    34 |    26 ||    98
       Punch             |     2 |     1 |       ||     3
 Cast: Magic Dart        |    91 |   117 |   125 ||   333
       Searing Ray       |     1 |     6 |    15 ||    22
       Fulminant Prism   |       |     2 |     8 ||    10
       Summon Mana Viper |       |       |    11 ||    11
       Summon Forest     |       |       |     1 ||     1
  Use: Scroll            |       |     7 |     4 ||    11
 Stab: Sleeping          |     1 |       |       ||     1
Armor: Robe              |    11 |     5 |    10 ||    26
       Leather armour    |       |     2 |     4 ||     6
Dodge: Dodged            |    32 |    24 |    27 ||    83
Block: Other             |       |     4 |    11 ||    15
       Reflection        |       |       |     2 ||     2

Levels and vault maps discovered:
D:1:      minmay_arrival_four_loops, layout_loops_cross,
          dilly_ecumenical_altar_fadedgnrine
D:2:      minmay_alternating_diamond, layout_basic,
          minmay_misc_feat_four_crosses, minmay_lizard_king,
          uniq_crazy_yiuf_cottage
D:3:      layout_basic, nemelex_altar_shiori, serial_shops, shop, serial_glass,
          glass_columns_a, glass_columns_b, item_on_display_a,
          minmay_strange_pillars, due_unseen_surprise
D:4:      layout_layer_cave, uniq_ijyb
D:5:      layout_basic, uniq_menkaure, uniq_blork_the_orc
D:6:      layout_loops_ring, minmay_temple_entry_grid, abandoned_shop,
          minmay_fractal_squares_gapless_5
D:7:      layout_rooms, general_overflow_altar, zin_scriptorium, enter_bailey_1,
          kennysheep_cluttered_room
D:8:      layout_basic, serial_shops, nicolae_shop_trees,
          hellmonk_ghost_happy_afterlife, uniq_psyche, uniq_joseph
D:9:      layout_cave_pods, grunt_temple_overflow_open, gammafunk_ghost_smash
D:10:     layout_basic, lemuel_tele_altar, due_lair_maze_entry_diamond,
          orc_0_dummy, uniq_urug
Bailey:   bailey_axe_minmay_hex_keep, bailey

Notes
Turn   | Place    | Note
-------+----------+-------------------------------------------
     0 | D:1      | Jackthecabe the Demigod Conjurer began the quest for the
                  | Orb.
     0 | D:1      | Reached XP level 1. HP: 14/14 MP: 5/5
     0 | D:1      | magus.rc [v1.11.4]
   101 | D:1      | You pick up a book of the Wilderness and begin reading...
   101 | D:1      | You add the spells Summon Forest, Summon Mana Viper and
                  | Summon Cactus Giant to your library.
   127 | D:1      | Reached skill level 2 in Spellcasting
   194 | D:1      | Reached skill level 4 in Conjurations
   194 | D:1      | Reached XP level 2. HP: 16/20 MP: 0/7
   758 | D:1      | Reached XP level 3. HP: 26/26 MP: 1/8
  1516 | D:2      | Learned a level 2 spell: Searing Ray
  1918 | D:2      | Found a runed translucent door.
  1919 | D:2      | Noticed Crazy Yiuf
  1979 | D:2      | Reached skill level 5 in Conjurations
  2148 | D:2      | Reached XP level 4. HP: 28/33 MP: 2/9
  2803 | D:3      | Learned a level 4 spell: Fulminant Prism
  3438 | D:3      | Found Isaduff's Magic Scroll Emporium.
  3447 | D:3      | Bought a scroll of teleportation for 30 gold pieces
  3447 | D:3      | Bought a scroll of poison for 40 gold pieces
  3447 | D:3      | Bought a scroll of enchant armour for 75 gold pieces
  3447 | D:3      | Bought a scroll of identify for 20 gold pieces
  3771 | D:4      | Noticed Ijyb
  3899 | D:4      | Reached skill level 6 in Conjurations
  3899 | D:4      | Reached XP level 5. HP: 15/34 MP: 3/10
  4006 | D:4      | Reached skill level 1 in Hexes
  4192 | D:4      | You pick up a book of the Earth and begin reading...
  4192 | D:4      | You add the spells Leda's Liquefaction, Lee's Rapid
                  | Deconstruction and Statue Form to your library.
  4309 | D:4      | Reached skill level 2 in Hexes
  4438 | D:4      | Reached skill level 3 in Hexes
  4438 | D:4      | Reached XP level 6. HP: 45/45 MP: 6/11
  5290 | D:4      | Reached skill level 4 in Hexes
  5466 | D:5      | Entered Level 5 of the Dungeon
  5512 | D:4      | HP: 5/45 [ogre/+0 giant club (32)]
  5653 | D:4      | Paralysed by Ijyb for 4 turns
  5673 | D:4      | Killed Ijyb
  5674 | D:4      | Reached skill level 5 in Hexes
  5806 | D:5      | Reached XP level 7. HP: 50/50 MP: 4/13
  5927 | D:5      | Noticed Menkaure
  6101 | D:5      | Identified a +1 robe of the Archmagi
  6101 | D:5      | Noticed Blork the orc
  6109 | D:5      | Killed Blork the orc
  6135 | D:5      | HP: 10/50 [??? (7)]
  6357 | D:5      | Reached skill level 6 in Hexes
  6664 | D:5      | Reached skill level 3 in Spellcasting
  6740 | D:5      | You pick up a book of Lightning and begin reading...
  6740 | D:5      | You add the spells Static Discharge, Vhi's Electric Charge,
                  | Lightning Bolt and Arcjolt to your library.
  6747 | D:5      | Learned a level 5 spell: Summon Mana Viper
  6763 | D:5      | Killed Menkaure
  6764 | D:5      | Reached skill level 1 in Summonings
  6781 | D:5      | Reached skill level 2 in Summonings
  7110 | D:5      | Reached skill level 3 in Summonings
  7110 | D:5      | Reached XP level 8. HP: 57/57 MP: 4/16
  7924 | D:6      | Reached skill level 4 in Summonings
  8047 | D:6      | HP: 13/57 [ice beast (11)]
  8228 | D:6      | Reached skill level 5 in Summonings
  8290 | D:6      | You pick up a book of Weapons and begin reading...
  8290 | D:6      | You add the spells Tukima's Dance, Portal Projectile and
                  | Blade Hands to your library.
  8301 | D:6      | You pick up a book of Dangerous Friends and begin
                  | reading...
  8301 | D:6      | You add the spells Summon Guardian Golem, Orb of
                  | Destruction and Spellforged Servitor to your library.
  8364 | D:6      | Found a staircase to the Ecumenical Temple.
  8535 | D:7      | Reached skill level 6 in Summonings
  8576 | D:7      | Reached skill level 4 in Spellcasting
  8702 | D:7      | You fall into a shaft and drop 3 floors!
  8702 | D:10     | Entered Level 10 of the Dungeon
  8785 | D:10     | Found a staircase to the Orcish Mines.
  8814 | D:8      | Reached XP level 9. HP: 31/62 MP: 1/18
  8913 | D:7      | Identified the +1 scale mail of Space {rF+ Str+4}
  8965 | D:7      | Found a flagged portal.
  8978 | Bailey   | Entered a bailey
  9210 | Bailey   | Reached skill level 7 in Hexes
  9210 | Bailey   | Reached skill level 7 in Summonings
  9452 | Bailey   | Reached skill level 1 in Fighting
  9522 | Bailey   | Learned a level 5 spell: Summon Forest
  9540 | Bailey   | Identified a +0 crystal plate armour
  9540 | Bailey   | Noticed an orc warlord
  9548 | Bailey   | Reached skill level 2 in Fighting
  9550 | Bailey   | Reached skill level 1 in Translocations
  9554 | Bailey   | Slain by an orc warlord

Vanquished Creatures
  Menkaure (D:5)
  2 black bears (D:5)
  An ice beast (D:7)
  A sky beast (D:7)
  3 ogres
  2 phantoms
  Blork the orc (D:5)
  A necrophage (D:7)
  3 scorpions
  2 hounds (D:5)
  3 jellies
  3 orc priests (D:4)
  Ijyb (D:4)
  3 iguanas
  4 orc wizards
  6 adders
  2 white imps (D:5)
  An ufetubus (D:5)
  2 worms
  8 dart slugs
  12 orcs
  5 bats
  8 endoplasms
  4 giant cockroaches
  9 goblins
  8 hobgoblins
  18 jackals
  6 quokkas
  2 ball pythons
  11 frilled lizards (D:2)
  5 kobolds
  6 rats
144 creatures vanquished.

Vanquished Creatures (collateral kills)
  2 vampire mosquitoes (D:10)
  9 orc warriors
  An ice beast (D:6)
  A howler monkey (D:8)
  An orc priest (D:8)
  An iguana (D:6)
  6 gnolls (Bailey)
  A white imp (D:8)
  6 orcs
  4 goblins (Bailey)
  6 hobgoblins (Bailey)
38 creatures vanquished.

Vanquished Creatures (others)
  10 fulminant prisms
  23 fungi (D:10)
  32 plants
  A snaplasher vine (Bailey)
66 creatures vanquished.

Grand Total: 248 creatures vanquished

Table legend:
 A = Non-vault XP
 B = Vault XP
 C = Vault XP percentage of total XP
 D = Non-vault monster count
 E = Vault monster count
 F = Vault count percentage of total count
                 A         B        C        D         E       F
            +---------+---------+-------+---------+---------+-------
      Total |    2772 |    1799 |  39.4 |     126 |      56 |  30.8
            +---------+---------+-------+---------+---------+-------
        D:1 |      60 |       0 |   0.0 |      31 |       0 |   0.0
        D:2 |      48 |      18 |  27.3 |      17 |      14 |  45.2
        D:3 |      59 |       0 |   0.0 |      17 |       0 |   0.0
        D:4 |     629 |      39 |   5.8 |      24 |       1 |   4.0
        D:5 |     603 |     248 |  29.1 |      18 |       2 |  10.0
        D:6 |     347 |     301 |  46.5 |       5 |       3 |  37.5
        D:7 |     388 |       0 |   0.0 |       4 |       0 |   0.0
        D:8 |     287 |       0 |   0.0 |       8 |       0 |   0.0
       D:10 |     351 |       0 |   0.0 |       2 |       0 |   0.0
     Bailey |       0 |    1193 | 100.0 |       0 |      36 | 100.0
            +---------+---------+-------+---------+---------+-------

Illustrated notes

Table legend:
 A = Kills in this place as a percentage of kills in entire the game.
 B = Kills by you in this place as a percentage of kills by you in the entire game.
 C = Kills by friends in this place as a percentage of kills by friends in the entire game.
 D = Other kills in this place as a percentage of other kills in the entire game.
 E = Experience gained in this place as a percentage of experience gained in the entire game.
 F = Experience gained in this place divided by the number of levels of this place that you have seen.
                   A       B       C       D       E      F
               +-------+-------+-------+-------+-------+----------------------
         Total | 100.0 | 100.0 | 100.0 |   N/A | 100.0 | 415.5
       Dungeon |  80.2 |  95.1 |  23.7 |   N/A |  73.9 | 337.8
        Bailey |  19.8 |   4.9 |  76.3 |   N/A |  26.1 | 1193.0
               +-------+-------+-------+-------+-------+----------------------

Table legend: (Time is in decaauts)
 A = Elapsed time spent in this place.
 B = Non-inter-level travel time spent in this place.
 C = Inter-level travel time spent in this place.
 D = Time resting spent in this place.
 E = Time spent auto-exploring this place.
 F = Levels seen in this place.
 G = Mean time per level.
                   A        B        C        D        E       F      G
               +--------+--------+--------+--------+--------+-----+--------+
         Total |   9553 |   9322 |    231 |    581 |   7454 |  11 |  868.5 |
       Dungeon |   8977 |   8746 |    231 |    525 |   7079 |  10 |  897.7 |
        Bailey |    575 |    575 |      0 |     56 |    375 |   1 |  575.0 |
               +--------+--------+--------+--------+--------+-----+--------+

Top non-repeatable levels by time:
     D:4: 2027 daAuts
     D:5: 1554 daAuts
     D:1: 1345 daAuts
     D:3: 1274 daAuts
     D:2: 1264 daAuts
     D:6: 1061 daAuts
  Bailey: 575 daAuts
     D:7: 253 daAuts
     D:8: 104 daAuts
    D:10: 87 daAuts
     D:9: 3 daAuts
